 Dungeon Crawl Stone Soup version 0.24-a0-784-g601f8f6d22 (webtiles) character file.

Game seed: 7282585074905733063, levelgen mode: deterministic

58730 Johnny the Geomancer (level 14, -6/122 HPs)
             Began as a Demigod Earth Elementalist on Oct 9, 2019.
             Killed by divine providence
             ... invoked by an orc priest
              (11 damage)
             ... on level 2 of the Orcish Mines.
             The game lasted 00:40:31 (22786 turns).

Johnny the Geomancer (Demigod Earth Elementalist)  Turns: 22786, Time: 00:40:31

Health: -6/122     AC: 12    Str: 11    XL:     14   Next: 15%
Magic:  1/32       EV: 23    Int: 27    God:
Gold:   1562       SH:  0    Dex: 24    Spells: 18/33 levels left

rFire    . . .     SeeInvis .   i - +8 whip "Snakebite" {curare, rPois}
rCold    . . .     Gourm    .   (no shield)
rNeg     . . .     Faith    .   A - +2 robe {Archmagi}
rPois    +         Spirit   .   Q - +2 hat
rElec    .         Reflect  .   B - +0 cloak
rCorr    .         Harm     .   J - +2 pair of gloves {Dex+3}
MR       ++...                  v - +1 pair of boots
Stlth    ++........             (no amulet)
HPRegen  0.30/turn              h - ring of protection from magic
MPRegen  0.23/turn              H - +5 ring of dexterity

@: about to teleport
A: high mp 1
a: no special abilities


You were on level 2 of the Orcish Mines.
You were not hungry.

You visited 3 branches of the dungeon, and saw 19 of its levels.
You also visited: Bailey.

You collected 1562 gold pieces.

Inventory:

Hand Weapons
 i - the +8 whip "Snakebite" (weapon) {curare, rPois}
   (You found it on level 5 of the Lair of Beasts)

   It poisons the flesh of those it strikes.
   It protects you from poison.
 j - a +0 dagger of venom
Missiles
 b - 31 stones (quivered)
Armour
 v - a +1 pair of boots (worn)
 A - a +2 robe of the Archmagi (worn)
 B - a +0 cloak (worn)
 J - a +2 pair of gloves of dexterity (worn)
 Q - a +2 hat (worn)
Magical Staves
 p - an uncursed staff of death {unknown}
 u - an uncursed staff of conjuration {unknown}
 D - an uncursed staff of energy {unknown}
Jewellery
 h - a ring of protection from magic (left hand)
 s - an uncursed ring of positive energy
 H - a +5 ring of dexterity (right hand)
 N - an uncursed ring of protection from fire
Wands
 f - a wand of disintegration (26)
 y - a wand of iceblast (21)
 C - a wand of paralysis (11)
 I - a wand of polymorph (11)
 P - a wand of digging (6)
 T - a wand of random effects (12)
Scrolls
 a - 4 scrolls of fog
 c - a scroll of silence
 g - 4 scrolls of teleportation
 l - 5 scrolls of noise
 m - a scroll of enchant weapon {unknown}
 o - a scroll of holy word {unknown}
 w - 4 scrolls of remove curse
 F - 2 scrolls of acquirement
 G - a scroll of fear {unknown}
 K - 2 scrolls of enchant armour
 L - a scroll of amnesia {unknown}
 S - a scroll of brand weapon {unknown}
Potions
 e - 3 potions of degeneration
 k - 6 potions of flight
 n - 5 potions of lignification
 q - a potion of magic
 r - 3 potions of brilliance
 t - 3 potions of mutation
 E - a potion of ambrosia {unknown}
 O - a potion of berserk rage {unknown}
 R - a potion of resistance {unknown}
 U - a potion of might {unknown}
 W - a potion of haste {unknown}
Miscellaneous
 M - a phial of floods (inert)
 X - a phantom mirror
Comestibles
 d - 37 rations
 z - a chunk of flesh


   Skills:
 + Level 10.6 Fighting
 + Level 10.9 Dodging
 - Level 1.7 Stealth
 + Level 10.1 Spellcasting
 - Level 0.8 Transmutations
 * Level 14.7 Earth Magic


You had 18 spell levels left.
You knew the following spells:

 Your Spells              Type           Power        Failure   Level  Hunger
a - Sandblast             Erth           ######       0%          1    None
b - Stone Arrow           Conj/Erth      ######       1%          3    None
c - Lee's Rapid Deconstr  Erth           #######...   1%          5    ####...
d - Petrify               Tmut/Erth      ######..     1%          4    None
e - Blink                 Tloc           N/A          6%          2    None

Your spell library contained the following spells:

 Spells                   Type           Power        Failure   Level  Hunger
 Passwall                 Tmut/Erth      ######..     1%          2    None
 Flame Tongue             Conj/Fire      ###..        4%          1    None
 Magic Dart               Conj           ###.         4%          1    None
 Shock                    Conj/Air       ###.         4%          1    None
 Call Imp                 Summ           ###.....     6%          2    None
 Searing Ray              Conj           ###...       6%          2    None
 Slow                     Hex            ###.....     6%          2    None
 Throw Flame              Conj/Fire      ###...       6%          2    None
 Conjure Flame            Conj/Fire      ###.....     13%         3    None
 Dazzling Spray           Conj/Hex       ###...       13%         3    None
 Inner Flame              Hex/Fire       ###.....     13%         3    None
 Mephitic Cloud           Conj/Pois/Air  ###.....     13%         3    None
 Force Lance              Conj/Tloc      ###.....     38%         4    None
 Fulminant Prism          Conj/Hex       ###.......   38%         4    None
 Iskenderun's Mystic Bla  Conj           ###.....     38%         4    None
 Sticky Flame             Conj/Fire      ###.....     38%         4    None
 Fireball                 Conj/Fire      ###.......   75%         5    ####...
 Venom Bolt               Conj/Pois      ###.......   75%         5    ####...


Dungeon Overview and Level Annotations

Branches:
Dungeon (11/15)            Temple (0/1) D:6            Lair (6/6) D:11
  Swamp (0/4) Lair:4       Spider (0/4) Lair:3        Slime (0/5) Lair:6
    Orc (2/2) D:11            Elf (0/3) Orc:2        Bailey (visited)

Shops:
D:8 (   Orc:2 (*

Annotations:
D:8 exclusion: 3 oklob plants
D:9 1 runed translucent door, 2BsUSBport's ghost, novice MiFi
Lair:2 1 runed translucent door, Gall2222's ghost, adept TrCK
Lair:6 2 transporters, Amen's ghost, journeyman GrFi


Innate Abilities, Weirdness & Mutations

You have an increased reservoir of magic. (+10% MP)


Message History

The orc wizard misses you.
The orc wizard gestures wildly while chanting.
The orc wizard flickers and vanishes!
Unknown command.
Unknown command.
Unknown command.
Unknown command.
Unknown command.
Unknown command.
Casting: Blink (safe; 6% risk of failure)
Confirm with . or Enter, or press ? or * to list all spells.
You feel a surge of power!
You blink. 2 orc wizards come into view.
An orc wizard comes into view. It is wielding a +0 dagger.
The orc priest invokes the aid of Beogh against you.
Beogh smites you!
* * * LOW HITPOINT WARNING * * *
The orc priest mumbles some strange prayers to Beogh against you.
Beogh smites you!
You die...

### .....#...
###.#####....$...
##.(...##......... ##
##.............$. . .##
##...###.)..........
..###.#(## #)....#....
..##....######).......#.
....o.(......3..@.......
.)..O.(4.E.4.o...o......
....o....######..4######
..#.E...## ..o{oooo..##
.......## .{3{ooo....##
....#..# .o#####oo....#
.....≈≈# .3o #oo.....#
.(...≈≈# ..o#
oo.o#.....# #....#≈#
#.oo###....#


You could see a soul eater, an orc high priest, a sun demon, 2 orange demons, a
smoke demon, 2 orc sorcerers, an orc warrior, 5 orc priests, 5 orc wizards and a
friendly water elemental.

Vanquished Creatures
  Gastronok (Lair:2)
  An orc warlord (Bailey)
  Nessos (Orc:2)
  A catoblepas (Lair:6)
  5 hydras
  A two-headed ogre (D:10)
  Sonja (Orc:2)
  The ghost of scimitardk the Cleaver, a novice MiFi of Makhleb (D:6)
  An orc sorcerer (Orc:2)
  4 orc knights
  Pikel (D:6)
  2 wolf spiders (Lair:3)
  An oklob plant (Lair:2)
  A cyclops (D:11)
  Joseph (D:7)
  6 elephants (Lair:5)
  A torpor snail (Lair:5)
  8 black mambas
  11 spiny frogs
  5 komodo dragons
  2 rime drakes
  9 polar bears (Lair:6)
  A queen bee (D:10)
  4 trolls
  2 jumping spiders (Lair:3)
  Prince Ribbit (D:6)
  A hornet (D:10)
  18 blink frogs
  5 hippogriffs
  5 raiju (Lair:6)
  2 hogs (D:7)
  Sigmund (D:2)
  A redback (Lair:3)
  4 wyverns
  41 yaks
  A human (D:7)
  A steam dragon (Lair:4)
  12 wargs
  14 water moccasins
  12 hell hounds (Lair:6)
  13 porcupines
  A swamp drake (Lair:4)
  2 slaves (D:6)
  12 black bears
  3 ice beasts
  2 sky beasts
  27 orc warriors
  3 phantoms
  25 wolves
  2 necrophages
  7 ogres
  10 crocodiles
  11 bullfrogs
  3 big kobolds
  A wyvern skeleton (D:9)
  4 scorpions
  A water moccasin skeleton (D:7)
  10 wights
  36 killer bees
  2 howler monkeys (D:9)
  An electric eel (Lair:1)
  A crimson imp (D:6)
  A bullfrog zombie (D:5)
  A centaur zombie (D:10)
  7 hounds
  4 jellies
  11 orc priests
  A centaur skeleton (D:5)
  2 gnoll shamans
  12 orc wizards
  Terence (D:2)
  7 worker ants
  4 iguanas
  A worker ant zombie (D:7)
  22 gnolls
  13 adders
  2 shadow imps
  6 worms
  5 dart slugs
  11 leopard geckos
  82 orcs
  19 giant cockroaches
  23 goblins
  28 hobgoblins
  21 jackals
  2 quokkas
  10 bats
  6 frilled lizards
  A jackal zombie (D:8)
  18 kobolds
  2 leopard gecko zombies (D:7)
  A quokka skeleton (D:6)
  6 rats
  2 plants
700 creatures vanquished.

Vanquished Creatures (others)
  17 fungi
  28 plants
45 creatures vanquished.

Grand Total: 745 creatures vanquished

Notes
Turn   | Place    | Note
-------+----------+-------------------------------------------
     0 | D:1      | Johnny the Demigod Earth Elementalist began the quest for
                  | the Orb.
     0 | D:1      | Reached XP level 1. HP: 14/14 MP: 5/5
   268 | D:1      | Reached XP level 2. HP: 15/22 MP: 5/7
   301 | D:1      | Reached skill level 3 in Earth Magic
   921 | D:2      | Found a blossoming altar of Fedhas.
   932 | D:2      | Reached skill level 1 in Fighting
   954 | D:2      | Reached XP level 3. HP: 24/28 MP: 6/8
  1381 | D:2      | Found an iron altar of Okawaru.
  1471 | D:2      | Noticed Sigmund
  1476 | D:2      | Killed Sigmund
  1476 | D:2      | Reached skill level 4 in Earth Magic
  1476 | D:2      | Reached XP level 4. HP: 31/36 MP: 5/10
  1476 | D:2      | Reached XP level 5. HP: 35/41 MP: 5/11
  1707 | D:2      | Noticed Terence
  1718 | D:2      | Killed Terence
  2150 | D:3      | Reached XP level 6. HP: 33/48 MP: 11/13
  3114 | D:4      | Reached skill level 5 in Earth Magic
  3237 | D:4      | Reached XP level 7. HP: 24/56 MP: 13/15
  4039 | D:5      | Entered Level 5 of the Dungeon
  4121 | D:5      | Learned a level 3 spell: Stone Arrow
  4127 | D:5      | Learned a level 5 spell: Lee's Rapid Deconstruction
  4132 | D:5      | Learned a level 4 spell: Petrify
  4245 | D:5      | Reached skill level 6 in Earth Magic
  4539 | D:5      | Found a white marble altar of Elyvilon.
  4587 | D:5      | Got a bloodstained leather armour
  4598 | D:5      | Identified the cursed +0 leather armour "Zeiduakh" {+Inv
                  | rN+ Dex+3} (You found it on level 5 of the Dungeon)
  4636 | D:5      | Reached XP level 8. HP: 66/66 MP: 10/17
  4873 | D:6      | Found a staircase to the Ecumenical Temple.
  4993 | D:6      | Noticed Prince Ribbit
  5099 | D:6      | Found a runed translucent gate.
  5099 | D:6      | Found a runed translucent gate.
  5101 | D:6      | Found a runed translucent gate.
  5103 | D:6      | Noticed scimitardk's ghost (novice MiFi)
  5105 | D:6      | Identified the +4 plate armour of Panuesk {rElec MR- rCorr
                  | Str-2}
  5106 | D:6      | Found a roughly hewn altar of Beogh.
  5238 | D:6      | Reached skill level 7 in Earth Magic
  5245 | D:6      | Noticed Pikel
  5439 | D:6      | Killed Prince Ribbit
  5439 | D:6      | Reached skill level 5 in Dodging
  6021 | D:6      | Killed Pikel
  6021 | D:6      | Reached XP level 9. HP: 51/73 MP: 1/20
  6334 | D:7      | Found a sparkling altar of Nemelex Xobeh.
  6341 | D:7      | Reached skill level 5 in Fighting
  6341 | D:7      | Reached skill level 5 in Spellcasting
  6346 | D:7      | Noticed Joseph
  6419 | D:7      | Killed Joseph
  6419 | D:7      | Reached skill level 8 in Earth Magic
  7327 | D:8      | Noticed an oklob plant
  7354 | D:8      | Found Mihuw's Antique Weapon Emporium.
  7389 | D:8      | Noticed an oklob plant
  7457 | D:8      | You fall into a shaft and drop 2 floors!
  7457 | D:10     | Entered Level 10 of the Dungeon
  7460 | D:10     | Reached skill level 9 in Earth Magic
  7604 | D:8      | Reached XP level 10. HP: 75/83 MP: 14/22
  7610 | D:8      | Found a flagged portal.
  7623 | Bailey   | Entered a bailey
  7992 | Bailey   | Noticed an orc knight
  8001 | Bailey   | Killed an orc knight
  8047 | Bailey   | Noticed an orc knight
  8078 | Bailey   | Killed an orc knight
  8322 | Bailey   | Noticed an orc warlord
  8352 | Bailey   | Killed an orc warlord
  8352 | Bailey   | Reached skill level 10 in Earth Magic
  8886 | D:8      | Got a faintly glowing leather armour
  9116 | D:8      | Noticed an oklob plant
  9535 | D:6      | Killed scimitardk's ghost
  9770 | D:9      | Reached XP level 11. HP: 65/92 MP: 10/25
 10342 | D:9      | Found a runed translucent door.
 10342 | D:9      | Found a shimmering altar of Xom.
 10342 | D:9      | Noticed a +2 hand axe of chaos
 10343 | D:9      | Noticed 2BsUSBport's ghost (novice MiFi)
 10914 | D:10     | Noticed a two-headed ogre
 10928 | D:10     | Killed a two-headed ogre
 10928 | D:10     | Reached skill level 11 in Earth Magic
 11319 | D:10     | Identified the +0 leather armour "Apohoni" {rC+} (You found
                  | it on level 8 of the Dungeon)
 12505 | D:11     | Found a staircase to the Lair.
 12885 | D:11     | Found a staircase to the Orcish Mines.
 13420 | Lair:1   | Entered Level 1 of the Lair of Beasts
 13832 | Lair:1   | Learned a level 2 spell: Blink
 13859 | Lair:1   | Noticed a four-headed hydra
 13866 | Lair:1   | Killed a four-headed hydra
 13866 | Lair:1   | Reached skill level 12 in Earth Magic
 13866 | Lair:1   | Reached XP level 12. HP: 97/103 MP: 15/28
 14419 | Lair:2   | Found a runed translucent door.
 14428 | Lair:2   | Identified the +2 trident of Shame {antimagic, rElec Int+4}
 14429 | Lair:2   | Noticed Gall2222's ghost (adept TrCK)
 14592 | Lair:2   | Noticed Gastronok
 14641 | Lair:2   | Killed Gastronok
 15118 | Lair:2   | Identified 2 scrolls of acquirement
 15598 | Lair:3   | Noticed a six-headed hydra
 15607 | Lair:3   | Killed a six-headed hydra
 16428 | Lair:3   | Identified Isuucziu's Collected Works on Damaging
                  | Intoxication
 16519 | Lair:3   | Found a hole to the Spider Nest.
 16527 | Lair:3   | Reached skill level 13 in Earth Magic
 17236 | Lair:4   | Noticed an eight-headed hydra
 17240 | Lair:4   | Killed an eight-headed hydra
 17291 | Lair:4   | Found a staircase to the Swamp.
 17310 | Lair:4   | Noticed a five-headed hydra
 17317 | Lair:4   | Killed a five-headed hydra
 17344 | Lair:4   | Reached XP level 13. HP: 111/111 MP: 9/30
 18527 | Lair:5   | Reached skill level 10 in Dodging
 18601 | Lair:5   | Found the +8 whip "Snakebite" {curare, rPois}
 18882 | Lair:5   | Reached skill level 10 in Fighting
 19593 | Lair:6   | Entered Level 6 of the Lair of Beasts
 19673 | Lair:6   | Found a transporter.
 19686 | Lair:6   | Found a viscous altar of Jiyva.
 19701 | Lair:6   | Found a staircase to the Slime Pits.
 19709 | Lair:6   | Identified the +4 spear of the Peculiar Friends {pierce,
                  | rF+ Str+2}
 19710 | Lair:6   | Noticed Amen's ghost (journeyman GrFi)
 19712 | Lair:6   | Found a bloodstained altar of Trog.
 19715 | Lair:6   | Found a transporter.
 19757 | Lair:6   | Reached skill level 14 in Earth Magic
 21594 | Lair:6   | Reached skill level 10 in Spellcasting
 21774 | Lair:6   | Reached XP level 14. HP: 122/122 MP: 22/32
 22013 | Orc:1    | Entered Level 1 of the Orcish Mines
 22230 | Orc:2    | Entered Level 2 of the Orcish Mines
 22230 | Orc:2    | Found a staircase to the Elven Halls.
 22757 | Orc:2    | Noticed Nessos
 22762 | Orc:2    | Noticed Sonja
 22763 | Orc:2    | Killed Sonja
 22779 | Orc:2    | Killed Nessos
 22782 | Orc:2    | Found Cimp's General Store.
 22782 | Orc:2    | Found Xobet's Antique Weapon Shoppe.
 22783 | Orc:2    | HP: 4/122 [orc priest/divine providence (15)]
 22786 | Orc:2    | Killed from afar by an orc priest

Levels and vault maps discovered:
D:1:      dpeg_arrival_prison, layout_basic
D:2:      layout_loops_ring, okawaru_altar_gauntlet_db,
          nicolae_overflow_hidden_temple, uniq_sigmund, uniq_terence
D:3:      minmay_roachtagon, layout_basic, grunt_ministairs_1
D:4:      layout_basic
D:5:      layout_basic, elyvilon_altar_1, first_ration
D:6:      layout_cave_pods, minmay_temple_entry_ruins,
          biasface_ghost_orc_armoury, uniq_pikel, uniq_prince_ribbit1
D:7:      minmay_angry_zag, layout_cave_pools,
          nemelex_xobeh_ov_fountains_minmay, grunt_livestock, kennysheep_boxes,
          uniq_joseph
D:8:      layout_basic, serial_shops, shop, enter_bailey_6, disabler_island
D:9:      layout_stronghold, ebering_ghost_xom
D:10:     layout_grid_maze, special_room [special_room_bee], chequers_jeans,
          kennysheep_generic_room_4
D:11:     layout_loops_ring, erik_lair_orcish_takeover, orc_david_3
Lair:1:   layout_regular_city, nicolae_quartered_pool_little,
          grunt_megastairs_2, lemuel_fruit_fields
Lair:2:   layout_chaotic_city, ebering_ghost_funeral_grove, hibernation_bobbens,
          uniq_gastronok
Lair:3:   layout_concentric_octagons, spider_nest_entry_funnel_web
Lair:4:   layout_regular_city, minmay_swamp_entry_reptiles, minivault_26,
          st_stairs_6, minivault_23
Lair:5:   minmay_guarded_unrand_snakebite, layout_hall_layers
Lair:6:   hangedman_lair_caniforms_friends, layout_cave_pods, slime_altar_1,
          gammafunk_ghost_wrathful_warriors, grunt_megastairs_3
Orc:1:    layout_caves
Orc:2:    st_orc_mages, layout_caves, nicolae_alphabet_shops, uniq_sonja,
          uniq_nessos

Skill      XL: |  1  2  3  4  5  6  7  8  9 10 11 12 13 |
---------------+----------------------------------------+-----
Dodging        | 2 3 4 5 6 7 8 9 10 | 10.9
Earth Magic    | 3 4 5 6 7 9 10 12 13 14 | 14.7
Spellcasting   | 2 3 4 5 6 8 9 10 | 10.1
Fighting       | 1 2 3 4 6 7 8 9 10 | 10.6
Stealth        | |  1.7
Transmutations | |  0.8

Action                   |  1- 3 |  4- 6 |  7- 9 | 10-12 | 13-15 || total
-------------------------+-------+-------+-------+-------+-------++-------
Melee: Mace              |    35 |       |       |       |       ||    35
       Unarmed           |     3 |       |       |       |       ||     3
       Dagger            |    49 |   129 |   312 |   442 |    21 ||   953
       Whip              |       |       |       |       |   155 ||   155
Throw: Stone             |       |       |       |     1 |       ||     1
 Cast: Sandblast         |    38 |    37 |   100 |   173 |   145 ||   493
       Lee's Rapid Decon |       |       |    18 |    85 |    65 ||   168
       Stone Arrow       |       |       |       |    81 |    12 ||    93
       Petrify           |       |       |       |     2 |     2 ||     4
       Blink             |       |       |       |       |     9 ||     9
Evoke: Wand              |       |       |     5 |     4 |     2 ||    11
       Phial of floods   |       |       |       |       |     2 ||     2
  Use: Scroll            |     2 |       |    12 |     7 |    10 ||    31
       Potion            |       |       |       |     6 |     8 ||    14
 Stab: Sleeping          |     4 |     1 |     4 |     2 |     3 ||    14
       Paralysed         |       |       |     1 |     7 |       ||     8
       Invisible         |       |       |       |       |     3 ||     3
       Distracted        |       |       |       |       |     1 ||     1
  Eat: Chunk             |     2 |     6 |    12 |    32 |    17 ||    69
       Ration            |       |       |     2 |     5 |     3 ||    10
Armor: Robe              |    20 |    23 |    44 |    85 |    62 ||   234
       Leather armour    |       |       |    29 |       |       ||    29
       Skin              |       |       |       |     5 |    27 ||    32
Dodge: Dodged            |    89 |    97 |   283 |   520 |   366 ||  1355

Table legend:
 A = Non-vault XP
 B = Vault XP
 C = Vault XP percentage of total XP
 D = Non-vault monster count
 E = Vault monster count
 F = Vault count percentage of total count
                 A         B        C        D         E       F
            +---------+---------+-------+---------+---------+-------
      Total |   51155 |   32746 |  39.0 |     454 |     242 |  34.8
            +---------+---------+-------+---------+---------+-------
        D:1 |      22 |       5 |  18.5 |      14 |       3 |  17.6
        D:2 |      68 |     263 |  79.5 |      29 |       8 |  21.6
        D:3 |      65 |      79 |  54.9 |      21 |      16 |  43.2
        D:4 |     609 |       0 |   0.0 |      21 |       0 |   0.0
        D:5 |     759 |       0 |   0.0 |      19 |       0 |   0.0
        D:6 |     704 |    2009 |  74.1 |      28 |      12 |  30.0
        D:7 |     377 |    1594 |  80.9 |      17 |      12 |  41.4
        D:8 |    1258 |       0 |   0.0 |      31 |       0 |   0.0
        D:9 |    2269 |       0 |   0.0 |      36 |       0 |   0.0
       D:10 |    3954 |    1744 |  30.6 |      31 |      24 |  43.6
       D:11 |    1710 |     742 |  30.3 |      37 |      12 |  24.5
     Lair:1 |    5382 |      90 |   1.6 |      26 |       1 |   3.7
     Lair:2 |    3406 |    2349 |  40.8 |      17 |       1 |   5.6
     Lair:3 |    4166 |    2010 |  32.5 |      16 |       5 |  23.8
     Lair:4 |    7799 |     385 |   4.7 |      26 |       4 |  13.3
     Lair:5 |    8848 |    1539 |  14.8 |      31 |       8 |  20.5
     Lair:6 |    4986 |   13141 |  72.5 |      19 |      63 |  76.8
      Orc:1 |    2288 |       0 |   0.0 |      20 |       0 |   0.0
      Orc:2 |    2485 |    2245 |  47.5 |      15 |       4 |  21.1
     Bailey |       0 |    4551 | 100.0 |       0 |      69 | 100.0
            +---------+---------+-------+---------+---------+-------
